 Dungeon Crawl Stone Soup version 0.29.1-15-g9cfb28693d (webtiles) character file.

Game seed: 14088340915191993437

17 Hugehornet the Covered (level 2, 0/19 HPs)
             Began as a Gargoyle Fighter on Mar 16, 2023.
             Slain by Terence
             ... wielding a +2 mace of protection
              (1 damage)
             ... on level 2 of the Dungeon.
             The game lasted 00:01:37 (729 turns).

Hugehornet the Covered (Gargoyle Fighter)            Turns: 729, Time: 00:01:38

Health: 0/19       AC: 12    Str: 19    XL:     2   Next: 62%
Magic:  2/2        EV:  7    Int:  8    God:
Gold:   33         SH:  4    Dex:  9    Spells: 1/1 levels left

rFire   . . .      SeeInvis .   a - +0 flail
rCold   . . .      Faith    .   c - +0 buckler
rNeg    + . .      Spirit   .   g - +0 chain mail
rPois   ∞          Reflect  .   (no helmet)
rElec   +          Harm     .   (no cloak)
rCorr   .          Rampage  .   (no gloves)
Will    .....                   (no boots)
Stlth   ..........              (no amulet)
HPRegen 0.06/turn               (no ring)
MPRegen 0.08/turn               (no ring)

@: no status effects
A: sickness immunity, AC +2, negative energy resistance 1, electricity
resistance, torment resistance 1, petrification resistance
a: no special abilities


You were on level 2 of the Dungeon.
You visited 1 branch of the dungeon, and saw 2 of its levels.

You collected 33 gold pieces.

Inventory:

Hand Weapons
 a - a +0 flail (weapon)
Armour
 b - a +0 scale mail
 c - a +0 buckler (worn)
 g - a +0 chain mail (worn)
Scrolls
 f - a scroll of identify {unknown}
 h - a scroll of immolation {unknown}
 i - a scroll of enchant weapon {unknown}
 k - a scroll of fear {unknown}
 l - a scroll of summoning {unknown}
Potions
 d - a potion of might
 e - 2 potions of degeneration {unknown}
 j - a potion of brilliance {unknown}


   Skills:
 + Level 3.5 Fighting
 * Level 2.5 Maces & Flails
 * Level 3.7 Armour
 - Level 3.2 Shields


You had one spell level left.
You didn't know any spells.
Your spell library contained the following spells:

 Spells                   Type           Power      Damage    Failure   Level
 Gell's Gravitas          Tloc           0%         N/A       100%        3
 Lesser Beckoning         Tloc           0%         N/A       100%        3
 Teleport Other           Tloc           0%         N/A       100%        3


Dungeon Overview and Level Annotations

Branches:
Dungeon (2/15)

Altars:

Annotations:
D:2 Terence


Innate Abilities, Weirdness & Mutations

You are immune to sickness and miasma.
Your stone body is resilient. (AC +2)
You are immune to poison.
You resist negative energy. (rN+)
You are resistant to electric shocks. (rElec)
You are resistant to unholy torment.
You are immune to petrification.


Message History

You see here a +0 robe.
Terence and a goblin come into view.
Terence is wielding a +2 mace of protection.
Terence shouts!
The goblin shouts!
Terence moves out of view.
The goblin moves out of view.
Found a dark potion.
Terence completely misses you.
You hit Terence.
Terence is moderately wounded.
You block the goblin's attack.
Terence hits you with a +2 mace of protection.
You hit Terence.
Terence is heavily wounded.
The goblin closely misses you. Terence hits you but does no damage.
You hit Terence.
Terence is severely wounded.
The goblin hits you with a +0 dagger.
Terence hits you with a +2 mace of protection.
You closely miss Terence.
Terence is severely wounded.
The goblin hits you but does no damage. Terence barely misses you.
You block the goblin's attack. You block Terence's attack.
You hit Terence.
Terence is severely wounded.
The goblin barely misses you.
Terence hits you with a +2 mace of protection.
* * * LOW HITPOINT WARNING * * *
You are too injured to fight recklessly!
You are too injured to fight recklessly!
You are too injured to fight recklessly!
You hit Terence but do no damage.
Terence is severely wounded.
The goblin hits you but does no damage. Terence hits you but does no damage.
You hit Terence but do no damage.
Terence is severely wounded.
The goblin hits you but does no damage.
Terence hits you with a +2 mace of protection.
* * * LOW HITPOINT WARNING * * *
Terence says, "Did you write a will?
You should..."
Terence hits you with a +2 mace of protection.
You die...

####.####
#.......#
#######.
#.##.##.#
#...... #
#.##.#
#.....
#....#
#....##
####.#
#.....##
#.#####.#
#!.....##
#.......#
#@g.....#
#######.#
##@#
#.####.#.#
#....[###.#
######.# ##
#.# .# #


You could see Terence and a goblin.

Vanquished Creatures
  3 bats (D:1)
  2 giant cockroaches (D:1)
  A goblin (D:1)
  3 hobgoblins (D:1)
  2 quokkas (D:1)
  3 ball pythons (D:1)
  2 kobolds (D:1)
16 creatures vanquished.

Notes
Turn   | Place    | Note
-------+----------+-------------------------------------------
     0 | D:1      | Hugehornet the Gargoyle Fighter began the quest for the
                  | Orb.
     0 | D:1      | Reached XP level 1. HP: 14/14 MP: 1/1
   184 | D:1      | Reached XP level 2. HP: 19/19 MP: 2/2
   721 | D:2      | Noticed Terence
   729 | D:2      | Slain by Terence

Illustrated notes

Levels and vault maps discovered:
D:1:      dpeg_arrival_three_same_balls, layout_basic
D:2:      layout_loops_cross, dreamdust_ecumenical_altar_hidden_monk_grotto,
          uniq_terence

Action                   || total
-------------------------++-------
Melee: Flail             ||    58
Armor: Scale mail        ||     5
       Chain mail        ||    46
Dodge: Dodged            ||    28
Block: Buckler           ||    16
